 Dungeon Crawl Stone Soup version 0.21-a0-203-gb066a6e (webtiles) character file.

113 Blomdor the Chopper (level 4, 0/37 HPs)
             Began as a Barachi Fighter on Aug 19, 2017.
             Slain by an adder (3 damage)
             ... on level 3 of the Dungeon.
             The game lasted 00:03:11 (1731 turns).

Blomdor the Chopper (Barachi Fighter)               Turns: 1731, Time: 00:03:11

Health: 0/37       AC:  8    Str: 17 (20) XL:     4   Next: 96%
Magic:  4/4        EV:  9    Int: 10 (13) God:
Gold:   137        SH:  0    Dex: 11 (12) Spells: 3/3 levels left

rFire    . . .     SeeInvis .   a - +0 war axe
rCold    . . .     Gourm    .   (no shield)
rNeg     . . .     Faith    .   b - +0 scale mail
rPois    .         Spirit   .   (helmet restricted)
rElec    .         Reflect  .   q - +0 cloak (curse)
rCorr    +         Harm     .   (no gloves)
MR       .....                  (no boots)
Stlth    ..........             r - amulet of rage
HPRegen  0.12/turn              u - ring of resist corrosion
MPRegen  0.09/turn              (no ring)

@: brilliant, lethally poisoned (0 -> -4), slow
A: +LOS, swims, horns 1, slowness 1, strong 1, strong legs 1
a: Hop, Evoke Berserk Rage


You were on level 3 of the Dungeon.
You were not hungry.

You visited 1 branch of the dungeon, and saw 3 of its levels.

You collected 137 gold pieces.

Inventory:

Hand Weapons
 a - a +0 war axe (weapon)
Armour
 b - a +0 scale mail (worn)
 c - a +0 shield
 q - a cursed +0 cloak (worn)
Jewellery
 r - an amulet of rage (around neck)
 u - a ring of resist corrosion (left hand)
Scrolls
 j - a scroll of enchant armour {unknown}
 l - a scroll of teleportation {unknown}
 m - a scroll of random uselessness {unknown}
Potions
 d - a potion of might
Comestibles
 f - a bread ration
 g - 4 meat rations
 h - 6 fruits
 i - 4 chunks of flesh
 k - 2 royal jellies


   Skills:
 + Level 3.7 Fighting
 * Level 5.2 Axes
 + Level 3.7 Armour
 + Level 3.3 Shields


You had 3 spell levels left.
You didn't know any spells.

Dungeon Overview and Level Annotations

Branches:
Dungeon (3/15)

Altars:


Innate Abilities, Weirdness & Mutations

Shadows flee at your approach. (+LOS)
You can swim through water.
You cover ground slowly.
You can hop short distances.
You have a pair of small horns on your head.
Your muscles are strong. (Str +2)


Message History

It was a potion of degeneration.
There was something very wrong with that liquid.
You feel weakened.
You feel dopey.
You feel clumsy.
* * * LOW HITPOINT WARNING * * *
You feel sick. The adder closely misses you.
It was a potion of brilliance.
You feel clever all of a sudden.
* * * LOW HITPOINT WARNING * * *
You feel sick. The adder barely misses you.
It was a potion of magic.
Magic courses through your body. The adder barely misses you. x2
It was a potion of mutation.
You feel extremely strange.
You feel stronger. A pair of horns grows on your head!
* * * LOW HITPOINT WARNING * * *
You feel sick. The adder bites you but does no damage.
Unknown command.
You completely miss the adder.
* * * LOW HITPOINT WARNING * * *
You feel sick. The adder bites you but does no damage. The adder bites you.
You die...

##############
#............#
#............. ######
#.............
...!.###.?...........
.....#......>......
#...#.............
#######................
#....†@..†.............
#....S.................
...............##.......#
##.............>....#..##
.............##.......).#
#.....#######.......##)..
#..... #..###...###..
..##.# ..## #.#...... ..
#. ## #.#.##...


You could see an adder.

Vanquished Creatures
  2 adders
  2 oozes (D:2)
  A worm (D:2)
  2 dart slugs
  A leopard gecko (D:2)
  7 orcs
  3 giant cockroaches
  11 goblins
  9 hobgoblins
  4 jackals (D:2)
  2 ball pythons (D:1)
  11 bats
  2 frilled lizards
  4 kobolds
  5 rats
66 creatures vanquished.

Notes
Turn   | Place    | Note
-------+----------+-------------------------------------------
     0 | D:1      | Blomdor the Barachi Fighter began the quest for the Orb.
     0 | D:1      | Reached XP level 1. HP: 18/18 MP: 1/1
    38 | D:1      | Reached XP level 2. HP: 21/24 MP: 2/2
    39 | D:1      | Reached skill level 3 in Axes
   369 | D:1      | Reached XP level 3. HP: 26/29 MP: 3/3
   587 | D:2      | Reached skill level 4 in Axes
   807 | D:2      | Reached XP level 4. HP: 32/36 MP: 4/4
  1392 | D:2      | Reached skill level 5 in Axes
  1730 | D:3      | Gained mutation: Your muscles are strong. (Str +2) [potion of mutation]
  1730 | D:3      | Gained mutation: You have a pair of small horns on your head. [potion of mutation]
  1731 | D:3      | Slain by an adder

Vault maps used:
D:1:      dpeg_arrival_windows_large_door
D:2:      minmay_door_path, guppyfry_early_orc_mine
D:3:      first_bread

Skill      XL: |  1  2  3  4 |
---------------+-------------+-----
Axes           | 3 4 5 |  5.2
Fighting       | |  3.7
Armour         | |  3.7
Shields        | |  3.3

Action                   |  1- 3 |  4- 6 || total
-------------------------+-------+-------++-------
Melee: War axe           |   137 |    80 ||   217
  Use: Potion            |       |     4 ||     4
       Scroll            |       |     2 ||     2
  Eat: Chunk             |       |     4 ||     4
Armor: Scale mail        |   123 |    66 ||   189
Dodge: Dodged            |    98 |    51 ||   149
